 Dungeon Crawl Stone Soup version 0.30.1-3-gfc49f6343a (webtiles) character file.

Game seed: 9374714794350947433

11 joedanger the Caller (level 2, 0/17 HPs)
             Began as an Octopode Summoner on July 21, 2023.
             Slain by an adder (4 damage)
             ... on level 2 of the Dungeon.
             The game lasted 00:10:12 (1407 turns).

joedanger the Caller (Octopode Summoner)            Turns: 1407, Time: 00:10:13

Health: 0/17       AC:  1    Str:  4    XL:     2   Next: 25%
Magic:  2/5        EV: 13    Int: 16    God:
Gold:   101        SH:  0    Dex: 16    Spells: 4/5 levels left

rFire   . . .        (no weapon)
rCold   . . .        (no shield)
rNeg    . . .        (helmet restricted)
rPois   .            (no amulet)
rElec   .            (no ring)
rCorr   .            (no ring)
SInv    .            (no ring)
Will    .....        (no ring)
Stlth   +++          (no ring)
HPRegen 0.22/turn    (no ring)
MPRegen 0.09/turn    (no ring)
                     (no ring)

%: no passive effects
@: lethally poisoned (0 -> -4)
A: almost no armour, amphibious, 8 rings, camouflage 1, gelatinous body 1,
(nimble swimmer 1), tentacles, antennae 1, agile 1, weak 1
a: no special abilities


You were on level 2 of the Dungeon.
You visited 1 branch of the dungeon, and saw 2 of its levels.

You collected 101 gold pieces.

Inventory:

Missiles
 c - 3 atropa-tipped darts
Scrolls
 b - a scroll of identify {unknown}
 e - a scroll of teleportation {unknown}
Potions
 a - a potion of magic


   Skills:
 + Level 2.2 Dodging
 + Level 3.1 Stealth
 + Level 2.1 Spellcasting
 + Level 4.1 Summonings


You had 4 spell levels left.
You knew the following spells:

 Your Spells              Type           Power      Damage    Failure   Level
a - Summon Small Mammal   Summ           56%        N/A       3%          1

Your spell library contained the following spells:

 Spells                   Type           Power      Damage    Failure   Level
 Call Imp                 Summ           28%        N/A       5%          2
 Call Canine Familiar     Summ           14%        N/A       11%         3
 Summon Guardian Golem    Hex/Summ       8%         N/A       26%         3
 Ignite Poison            Fire/Tmut/Pois 1%         N/A       52%         3
 Summon Lightning Spire   Summ/Air       8%         N/A       65%         4
 Sticky Flame             Conj/Fire      1%         2d3       90%         4
 Ignition                 Fire           0%         3d3       100%        8


Dungeon Overview and Level Annotations

Branches:
Dungeon (2/15)

Altars:


Innate Abilities, Weirdness & Mutations

You cannot wear most types of armour.
You are amphibious.
You can wear up to eight rings at the same time.
Your skin changes colour to match your surroundings (Stealth+).
Your rubbery body absorbs attacks. (AC +1, EV +1)
((You are camouflaged when in or above water. (Stealth+)))
You have tentacles for arms and can constrict up to eight enemies at once.
You have a pair of small antennae on your head.
You are agile. (Dex +4, Str/Int -1)
You are weak. (Str -2)


Message History

Press: ? - help, Q - select action, (/) - cycle Dir - look around, f - activate The frilled lizard closely misses your quokka.
Your quokka bites the frilled lizard.
The frilled lizard barely misses your quokka.
Your quokka bites the frilled lizard.
The frilled lizard dies!
The adder bites your quokka.
Your quokka is poisoned.
The adder poisons your quokka! The adder bites your quokka.
The adder bites your quokka.
Your quokka dies!
Your quokka's corpse disappears in a puff of smoke!
A frilled lizard comes into view.
The adder bites you.
You are poisoned.
The adder poisons you!
You feel sick. The adder barely misses you.
The frilled lizard bites your quokka.
You feel sick. The adder bites you.
You are lethally poisoned!
The adder poisons you! The frilled lizard misses your quokka.
You feel very sick.
Your quokka misses the frilled lizard. The adder closely misses you.
Your quokka completely misses the frilled lizard.
The frilled lizard barely misses your quokka.
Casting: Summon Small Mammal (safe; 3% risk of failure)
Press: ? - help, Q - select action, (/) - cycle Dir - look around, f - activate You feel sick.
The adder barely misses you.
Your quokka bites the frilled lizard.
The frilled lizard dies!
* * * LOW HITPOINT WARNING * * *
You feel sick.
Your bat completely misses the adder.
Your quokka barely misses the adder.
The frilled lizard closely misses your quokka.
It was a potion of mutation.
You feel extremely strange.
You feel weaker. A pair of antennae grows on your head!
You feel agile.
* * * LOW HITPOINT WARNING * * *
You feel sick.
Your bat misses the adder. The adder bites you.
You die... [.......#..# # #######.#....) ##. #.#.##.. #..l##### #.#.##.# #ll.ll#

#.#.##.# #S§.###.#####
#......# P.l.. #l#...##
#....... l.P# #.r....#
#....... .P
#..S@..##### #....... P
####b....#...###......#
..........†........##.#
##########..>########.#
##...........#
#############


You could see an adder (ally target), a frilled lizard, a friendly quokka
(summoned) and a friendly bat (summoned).

Vanquished Creatures
  A ball python (D:1)
1 creature vanquished.

Vanquished Creatures (collateral kills)
  2 ball pythons
  An endoplasm (D:1)
  2 hobgoblins (D:1)
  A bat (D:1)
  2 frilled lizards (D:2)
  A kobold (D:2)
  A rat (D:1)
10 creatures vanquished.

Grand Total: 11 creatures vanquished

Notes
Turn   | Place    | Note
-------+----------+-------------------------------------------
     0 | D:1      | joedanger the Octopode Summoner began the quest for the
                  | Orb.
     0 | D:1      | Reached XP level 1. HP: 11/11 MP: 3/3
   521 | D:1      | Reached XP level 2. HP: 17/17 MP: 3/5
  1407 | D:2      | Gained mutation: You are weak. (Str -2) [potion of
                  | mutation]
  1407 | D:2      | Gained mutation: You have a pair of small antennae on your
                  | head. [potion of mutation]
  1407 | D:2      | Gained mutation: You are agile. (Dex +4, Str/Int -1)
                  | [potion of mutation]
  1407 | D:2      | Slain by an adder

Illustrated notes

Levels and vault maps discovered:
D:1:      dpeg_arrival_round_c, layout_loops_corners, minmay_pentomino_q2
D:2:      layout_loops_ring, minmay_lizard_king

Skill      XL: |  1 |
---------------+----+-----
Stealth        | 3 |  3.1
Dodging        | |  2.2
Spellcasting   | |  2.1
Summonings     | |  4.1

Action                     || total
---------------------------++-------
  Melee: Unarmed           ||     7
         Constrict         ||     3
         Tentacles         ||     1
   Cast: Summon Small Mamm ||    17
    Use: Potion            ||     1
   Stab: Sleeping          ||     1
 Armour: Skin              ||     5
  Dodge: Dodged            ||    19
